[Event "13th Chennai Open 2022"]
[Site "Chennai"]
[Date "2022.06.20"]
[Round "2.1"]
[White "Savchenko, Boris"]
[Black "Mrithyunjay Mahadevan"]
[Result "1-0"]
[ECO "B51"]
[WhiteElo "2524"]
[BlackElo "1661"]
[Annotator "TA"]
[PlyCount "65"]
[EventDate "2022.06.19"]
[EventType "swiss"]
[EventCountry "IND"]
[SourceTitle "playchess.com"]
[Source "ChessBase"]
[SourceQuality "1"]
[TimeControl "5400+30"]

1. e4 c5 2. Nf3 d6 3. Bb5+ Nd7 4. O-O a6 5. Bd3 g6 6. c3 {[%emt 0:00:16] B51: Sicilian: Moscow Variation (3 Bb5+) without 3...Bd7.} Bg7 7. a4 e5 8. Bc2 {[%emt 0:02:01] [#] The position is equal.} Qc7 $146 ({Predecessor:} 8... Ne7 9. d4 O-O 10. d5 b6 11. Na3 h6 12. Nc4 Qc7 13. Qe2 f5 14. Nfd2 Rb8 {0-1 (42) Manukian,A (2196)-Hanley,C (2447) Chess.com INT 2021}) 9. d4 Ne7 10. dxe5 Nxe5 11. Nbd2 O-O 12. Bb3 Rb8 13. Nxe5 dxe5 14. a5 Nc6 15. Nc4 $1 Be6 16. Be3 Bxc4 17. Bxc4 Nxa5 18. Bd5 {[%emt 0:00:24] White is more active.} Rfd8 19. Qa4 {[%emt 0:11:43][%mdl 1024] Inhibits Nc4. White has compensation.} Nc6 20. Qc4 (20. Bxc5 $14 Ne7 21. Bxe7 Qxe7 22. g3) 20... Bf8 $11 21. Kh1 ({Wrong is} 21. Bxc5 $2 b5 22. Bxf7+ Qxf7 $17) 21... Rbc8 22. f4 {[%emt 0:03:49][%cal Bf2f4,Bf4f5][%mdl 32] Hoping for f5.} Rd7 {[%emt 0:04:31] [#] A mistake that costs the game.} (22... Bh6 $1 $14) 23. f5 $1 $18 Kg7 (23... Na5 {is a better defense.} 24. Rxa5 Qxa5) 24. Rf3 {[%emt 0:02:26] aiming for Raf1.} Nd8 $2 (24... Nd4 {was necessary.}) 25. Raf1 b5 (25... Kg8 $142 26. fxg6 hxg6) 26. Qe2 {[%emt 0:00:21] White is clearly winning.} Rxd5 27. exd5 Qd6 28. Bg5 {[%emt 0:01:25] [#] Strongly threatening fxg6.} Rc7 (28... Kg8 $142 29. fxg6 hxg6 30. Bxd8 Rxd8 31. Rxf7 Qxd5) 29. Qe4 Rd7 30. fxg6 hxg6 31. Bf6+ Kg8 32. Qh4 Bg7 {[%emt 0:05:23] Inhibits Qh8+.} 33. Rh3 {[%emt 0:00:25] Weighted Error Value: White=0.17 (very precise) /Black=0.44} 1-0

[Event "13th Chennai Open 2022"]
[Site "Chennai"]
[Date "2022.06.20"]
[Round "2.2"]
[White "Anupam M Sreekumar"]
[Black "Fedorov, Alexei"]
[Result "0-1"]
[ECO "B30"]
[WhiteElo "1673"]
[BlackElo "2529"]
[Annotator "TA"]
[PlyCount "88"]
[EventDate "2022.06.19"]
[EventType "swiss"]
[EventCountry "IND"]
[SourceTitle "playchess.com"]
[Source "ChessBase"]
[SourceQuality "1"]
[TimeControl "5400+30"]

1. e4 c5 2. Nf3 Nc6 3. Bb5 e6 4. O-O Nge7 5. Re1 Ng6 6. d4 {[%emt 0:10:06] B30: Sicilian: 2...Nc6 3 Bb5, lines without ...g6.} cxd4 7. Bxc6 bxc6 8. Qxd4 {[%emt 0:01:15] The position is equal.} Qb6 {[%emt 0:07:35] [#]} 9. Qxb6 $146 ({Predecessor:} 9. Be3 Qxd4 10. Bxd4 f6 11. e5 c5 12. Bc3 Bb7 13. Nbd2 Kf7 14. Rad1 Bd5 15. b3 {0-1 (69) Derraugh,G (2169)-Weetik,V (2423) Chess.com INT 2020}) 9... axb6 10. Be3 Ra6 11. c4 Be7 12. Nc3 O-O 13. a3 Bb7 14. Rad1 d6 15. h3 c5 16. Bc1 Bc6 17. Rd3 Rd8 18. Kh2 Ra7 19. Red1 Rad7 20. b3 h6 21. Re1 Bf6 22. Bb2 Nf4 23. Rd2 Bxc3 24. Bxc3 e5 25. b4 f6 ({Black should try} 25... Ba4 $15) 26. Nh4 (26. b5 $11 Bb7 27. a4) 26... Ra8 $15 27. Bb2 Ra4 {[%emt 0:11:01] Black is more active.} 28. b5 (28. Nf5 $15 {might be stronger.}) 28... Ba8 29. Nf5 Rxc4 30. Nxd6 ({Avoid the trap} 30. Rxd6 $2 Rxd6 31. Nxd6 Rc2 $19) 30... Ra4 31. Red1 Rd8 {[%emt 0:01:20] Inhibits Nc8.} 32. f3 {[%emt 0:00:00] Hoping for Nf5.} Ne6 33. Nf5 {[%emt 0:05:30] [#]} Nd4 $1 34. Kg3 Ra5 35. Bxd4 exd4 36. Rb2 $2 {[%emt 0:00:27] This move loses the game for White.} (36. Nxd4 $17 Rxd4 37. Rxd4 cxd4 38. Rxd4) 36... Rxa3 $19 37. Kf4 Kf7 38. e5 $2 (38. h4) 38... fxe5+ 39. Kxe5 Rd5+ 40. Kf4 Kf6 41. Ng3 Re5 42. Rbb1 (42. Nf1 $142) 42... Bd5 {[%emt 0:00:00] [#] ...g5+ is the strong threat.} 43. Ne4+ Bxe4 44. fxe4 g5+ {[%emt 0:00:00] Weighted Error Value: White=0.64/Black=0.28 (precise)} 0-1

[Event "13th Chennai Open 2022"]
[Site "Chennai"]
[Date "2022.06.20"]
[Round "2.3"]
[White "Tran, Tuan Minh"]
[Black "Kanishka S"]
[Result "1/2-1/2"]
[ECO "A14"]
[WhiteElo "2533"]
[BlackElo "1723"]
[Annotator "TA"]
[PlyCount "110"]
[EventDate "2022.06.19"]
[EventType "swiss"]
[EventCountry "IND"]
[SourceTitle "playchess.com"]
[Source "ChessBase"]
[SourceQuality "1"]
[TimeControl "5400+30"]

1. Nf3 d5 2. c4 e6 3. g3 Nf6 4. Bg2 Be7 5. O-O O-O 6. b3 b6 {[%emt 0:00:50] 6...d4 is the modern continuation.} 7. Bb2 Bb7 8. Qc2 c5 {[%emt 0:01:01] A14: English Opening: 1...e6 with b3 by White.} 9. cxd5 Nxd5 10. a3 Nd7 11. Rd1 {[%emt 0:02:11] [#]} Qc7 $146 ({Predecessor:} 11... Rc8 12. d3 Bf6 13. Nbd2 Bxb2 14. Qxb2 b5 15. Ne4 Qe7 16. Ne5 Rc7 17. Rac1 Rfc8 {1-0 (60) Bornholdt,J (1890)-Gillmeister,G (1599) Magdeburg 2019}) 12. d3 Rac8 13. Nbd2 Qb8 14. Rac1 Rfd8 15. Qb1 (15. e4 $5 N5f6 16. Nc4 $11) 15... Qa8 16. Nc4 N5f6 17. b4 cxb4 18. axb4 Nd5 19. b5 N5f6 20. Qa2 Nc5 (20... a6 $14) 21. Ba3 {[%emt 0:06:01] Threatens to win with d4.} Bf8 22. d4 Nce4 (22... Ncd7 $14) 23. Bxf8 Rxf8 24. Nfe5 {[%emt 0:00:49] Hoping for f3.} (24. Qa3 $5 ) 24... Bd5 25. Bf3 Rc7 $1 26. Qa3 Rfc8 27. Nc6 (27. Qa4 $1 $11) 27... Bxc6 $17 28. bxc6 Qxc6 29. Kg2 b5 30. Ne5 {[%emt 0:02:44] [#]} (30. Nd2 $1 $15 Qd6 31. Qxd6 Nxd6 32. Ra1) 30... Qb6 $1 (30... Qxc1 $6 31. Rxc1 Rxc1 32. Qxa7 $14) 31. Rxc7 Rxc7 (31... Qxc7 32. Ra1 $11) 32. Bxe4 Nxe4 33. Qf3 {[%emt 0:00:00] [#]} Qb7 (33... f5 $1 $17 {aiming for ...a5.} 34. Qb3 Nc3) 34. d5 $1 $11 Ng5 (34... Nc3 $2 35. d6 Qxf3+ 36. Kxf3 $18) 35. Qf4 f6 36. h4 {[%emt 0:00:00] [#]} exd5 $1 {[%emt 0:00:27] ...Ne6 is the strong threat.} 37. hxg5 fxe5 38. Qxe5 $15 {[%emt 0:00:00][%cal Re5e8][%mdl 4096] Endgame KQR-KQR} Re7 {[%emt 0:00:14] Prevents Qe8+.} 39. Qd6 ({Avoid the trap} 39. Qxd5+ $2 Qxd5+ 40. Rxd5 Rb7 $19) 39... Qd7 (39... d4+ $5 40. Kh2 Qd7 $17) 40. Qc5 Rxe2 41. Rxd5 Qb7 42. Qd4 {[%emt 0:04:20] Against Rd2} (42. Kf1 $11 Re8 43. Qxb5 Qxb5+ 44. Rxb5) 42... Re8 43. Kh2 Rf8 44. f4 {[%emt 0:00:46] And now Rd7 would win.} Qc6 45. Rc5 Qe6 46. Re5 {[%emt 0:00:36] Active counter play!} Qa2+ 47. Kh3 Qb1 {[%emt 0:00:37] Strongly threatening ...Qh1+.} 48. Qd5+ (48. Re7 $5 Qg6 49. Qd5+ (49. Qxa7 Re8 $11) (49. Rxa7 Qh5+ 50. Kg2 Qe2+ 51. Qf2 Qe4+ 52. Qf3 Qc4 $11) 49... Kh8 50. Qxb5 $14) 48... Kh8 {[%emt 0:00:00] The position is equal.} 49. Qxb5 Qh1+ 50. Kg4 g6 51. f5 gxf5+ 52. Rxf5 Qd1+ 53. Kh4 {[%emt 0:00:22] White threatens Qe5+ and mate.} Qh1+ 54. Kg4 {[%emt 0:00:01] White wants to mate with Qe5+.} Qd1+ 55. Kh4 {[%emt 0:00:06] Qe5+ would kill now.} Qh1+ {[%emt 0:02:46] Weighted Error Value: White=0.15 (very precise) /Black=0.14 (very precise)} 1/2-1/2

[Event "13th Chennai Open 2022"]
[Site "Chennai"]
[Date "2022.06.20"]
[Round "2.4"]
[White "Arora Honi"]
[Black "Aronyak Ghosh"]
[Result "0-1"]
[ECO "B13"]
[WhiteElo "1679"]
[BlackElo "2494"]
[Annotator "TA"]
[PlyCount "82"]
[EventDate "2022.06.19"]
[EventType "swiss"]
[EventCountry "IND"]
[SourceTitle "playchess.com"]
[Source "ChessBase"]
[SourceQuality "1"]
[TimeControl "5400+30"]

1. d4 d5 2. Bf4 c5 3. e3 Nc6 4. Nf3 Bg4 5. Nbd2 e6 6. c3 cxd4 7. exd4 Bd6 8. Bxd6 Qxd6 9. Bd3 Nf6 10. O-O O-O 11. Qb3 Rab8 {[%emt 0:08:45] B13: Caro-Kann: Exchange Variation and Panov-Botvinnik Attack.} 12. Rae1 Bxf3 13. Nxf3 b5 {[%emt 0:00:17] The position is equal.} 14. a3 (14. Bxb5 $2 a6 15. Qc2 Rxb5 $19) 14... Nd7 15. Re3 {[%emt 0:05:19] [#]} ({But not} 15. Bxb5 $2 a6 16. a4 axb5 17. axb5 Na7 $19) 15... h6 $146 ({Predecessor:} 15... Na5 16. Qc2 Nc4 17. Bxc4 bxc4 18. Ng5 Nf6 19. Rf3 h6 20. Rxf6 hxg5 21. Rf3 Rb7 22. Rh3 g6 23. Rg3 Rfb8 24. Rb1 Qxa3 25. Rxg5 Rxb2 26. Rxg6+ Kf8 {0-1 (26) Krstulovic,A (2395)-Jobava,B (2588) Chess.com INT 2022}) 16. Rfe1 ({Avoid the trap} 16. Bxb5 $2 a6 17. a4 axb5 18. axb5 Na5 $19) 16... a5 17. Bb1 Rfc8 18. Ne5 Ncxe5 19. dxe5 Qe7 20. Rg3 Nf8 ({Black should try} 20... b4 $1 $15) 21. Qd1 Rc4 22. Bd3 Rf4 23. Qd2 Qh4 24. Rh3 (24. Rge3 $14) 24... Qg5 $11 {[%emt 0:00:05] [#]} 25. g3 {[%emt 0:07:03] [#]} (25. Rh5 $1 $11 Qxh5 26. Qxf4) 25... Re4 $1 $15 26. f4 (26. Qd1 Rxe1+) 26... Rxe1+ 27. Qxe1 Qd8 28. g4 d4 29. Qg3 {[%emt 0:03:46] White does not recover from this.} ({Better is} 29. cxd4 $15 Qxd4+ 30. Qf2) 29... dxc3 $19 30. bxc3 {[%emt 0:00:08] [#]} b4 $1 31. axb4 axb4 32. cxb4 Rxb4 {[%emt 0:00:08] Threatens to win with ...Ng6.} 33. Qe3 Ng6 34. Rf3 {[%emt 0:01:54] [#]} Nh4 $1 35. Rh3 (35. Rf2 $142) 35... g5 36. fxg5 hxg5 ({Weaker is} 36... Rxg4+ 37. Rg3 Rxg5 38. Qf4 $17) 37. Rg3 Rf4 {[%emt 0:00:31] Strongly threatening ...Qa8.} 38. Bc2 $2 (38. h3) 38... Qa5 {[%emt 0:00:41] ( -> ...Qa1+)} 39. h3 Qa1+ {[%emt 0:00:33] Black mates.} 40. Kh2 Qf1 41. Qg1 Qe2+ {[%emt 0:00:39] Weighted Error Value: White=0.74/Black=0.05 (flawless)} 0-1

[Event "13th Chennai Open 2022"]
[Site "Chennai"]
[Date "2022.06.20"]
[Round "2.5"]
[White "Deepan Chakkravarthy J."]
[Black "Ashwin Sairam"]
[Result "1-0"]
[ECO "A07"]
[WhiteElo "2478"]
[BlackElo "1670"]
[Annotator "TA"]
[PlyCount "65"]
[EventDate "2022.06.19"]
[EventType "swiss"]
[EventCountry "IND"]
[SourceTitle "playchess.com"]
[Source "ChessBase"]
[SourceQuality "1"]
[TimeControl "5400+30"]

1. Nf3 d5 2. g3 Nf6 3. Bg2 c6 4. O-O Bg4 5. b3 e6 6. Bb2 {[%emt 0:00:32] A07: Réti Opening: New York and Capablanca Systems.} Bd6 7. h3 Bxf3 8. Bxf3 {[%emt 0:01:07] The position is equal.} O-O 9. d3 {[%emt 0:00:22] [#]} e5 $146 ({Predecessor:} 9... Nbd7 10. Nd2 Qb6 11. c4 Bxg3 12. e3 Bd6 13. cxd5 cxd5 14. Kh1 Rac8 15. Rc1 Qa6 16. d4 Qxa2 17. Rxc8 Rxc8 18. Qa1 Qxa1 19. Rxa1 {0-1 (34) Secondi,A (661)-Trevis,R (987) LSS email 2011}) 10. Nd2 Nbd7 11. Bg2 Qe7 12. a4 a5 13. e4 dxe4 14. dxe4 Nc5 15. Qe2 Rfe8 16. Rad1 Rad8 17. Nc4 Bc7 18. Ba3 b6 19. Qe3 Nfd7 20. h4 {[%emt 0:02:09] White is more active.} b5 $1 21. Nxa5 Bxa5 22. b4 Nxa4 23. bxa5 $16 {[%emt 0:00:03][%mdl 64] Discovered Attack} b4 {[%emt 0:00:07] [#]} 24. Qb3 $36 {[%emt 0:00:04][%csl LRa4,LRb4][%mdl 2048] White is in control.} bxa3 25. Qxa4 Qc5 (25... Ra8 $16 {keeps fighting.}) 26. Rd3 $18 Nf6 27. Qxa3 ({Don't take} 27. Rxa3 $6 Ra8 28. a6 Reb8) 27... Qxc2 (27... Qxa3 28. Rxa3 Re7) 28. Rxd8 {[%emt 0:00:00] White is clearly winning.} Rxd8 29. a6 Qd2 30. a7 Ra8 31. Rb1 {[%emt 0:00:00] [#] White wants to mate with Rb8+.} Qd8 {[%emt 0:00:28] Inhibits Rb8.} 32. Rb7 Qe8 33. Qd6 {[%emt 0:00:00] Weighted Error Value: White=0.03 (flawless) /Black=0.35} 1-0

[Event "13th Chennai Open 2022"]
[Site "Chennai"]
[Date "2022.06.20"]
[Round "2.6"]
[White "Shravan Swaminathan"]
[Black "Stupak, Kirill"]
[Result "0-1"]
[ECO "A48"]
[WhiteElo "1662"]
[BlackElo "2440"]
[Annotator "TA"]
[PlyCount "114"]
[EventDate "2022.06.19"]
[EventType "swiss"]
[EventCountry "IND"]
[SourceTitle "playchess.com"]
[Source "ChessBase"]
[SourceQuality "1"]
[TimeControl "5400+30"]

1. d4 g6 2. Nf3 Bg7 3. Bf4 c5 4. e3 Nf6 5. h3 Qb6 6. b3 {[%emt 0:01:10] A48: 1 d4 Nf6 2 Nf3 g6: Torre, London and Colle Systems.} (6. Nc3 $142) 6... Nc6 $11 7. c3 O-O 8. Be2 {[%emt 0:00:42] Black has an edge.} d5 9. O-O Bf5 10. Nbd2 Rac8 11. Rc1 cxd4 12. exd4 {[%emt 0:02:22] [#]} Rfd8 $146 ({Predecessor:} 12... Nd8 13. a4 Ne6 14. Be3 Qc7 15. Re1 Nf4 16. Bf1 Nd3 17. Bxd3 Bxd3 18. c4 Bf5 {½-½ (53) Broniek,M (2485)-Badolati,S (2518) ICCF email 2019}) 13. Ne5 (13. b4 $11) 13... Nxe5 $15 14. Bxe5 Qa5 15. c4 {[%emt 0:02:09] Black converts the advantage convincingly.} (15. g4 $15 Bd7 16. c4) 15... Bh6 $19 (15... Qxa2 16. g4 (16. Ra1 Qb2 $17) 16... Be6 17. f4 $15 (17. Ra1 Qb2 $17)) 16. f4 {[%emt 0:04:10] [#]} Nd7 $1 ({Weaker is} 16... Qxa2 17. g4 (17. Ra1 $2 Qb2 $17) 17... Be6 18. g5 $11) 17. g4 (17. cxd5 $142 Nxe5 18. dxe5) 17... Nxe5 18. dxe5 $2 {[%emt 0:02:50] [#]} (18. gxf5 Nc6 19. Bg4) 18... dxc4 $1 19. gxf5 (19. Qe1 Rxd2) 19... Rxd2 20. Qe1 Qb6+ 21. Kh1 Qe3 22. Bg4 Qxe1 ({Not} 22... Bxf4 23. Qxe3 Bxe3 24. fxg6 $14) 23. Rfxe1 gxf5 (23... Bxf4 24. fxg6 Rc6 25. gxf7+ Kf8 26. Rxc4 Rxc4 27. bxc4 $11) 24. Bxf5 e6 25. Be4 c3 ({Inferior is} 25... Rxa2 26. Bxb7 Bxf4 27. Bxc8) 26. Bxb7 $2 (26. Re3) 26... Rc7 27. Be4 Bxf4 {[%emt 0:00:23] And now ...c2 would win.} 28. Bc2 (28. Rc2 $142) 28... Rc5 29. Re4 Bh6 30. Rh4 (30. Rg1+ $142 Kf8 31. Rg2) 30... Bg7 31. Bxh7+ (31. Rc4 $142 Rxc4 32. bxc4) 31... Kf8 32. Rc4 Rxc4 33. bxc4 Bxe5 {[%emt 0:00:02][%mdl 4096] Endgame Hoping for ...f5. KRB-KRB} 34. Rc2 $2 (34. Bc2) 34... Rd1+ (34... f5 $142 35. Rxc3 Bxc3) 35. Kg2 f5 {[%emt 0:00:09] Against Be4} 36. Bg6 Rd3 37. Bh5 Rg3+ 38. Kf2 Rxh3 {[%emt 0:00:02] ( -> ...Rh2+)} 39. Bf3 Bd4+ 40. Kg2 Rh7 41. c5 Rc7 42. c6 e5 43. Bd5 Ke7 44. Kf3 Kd6 45. Bb3 Rg7 {[%emt 0:02:32] aiming for ...Rg4.} 46. Ba4 e4+ {[%emt 0:00:02] Black mates.} 47. Ke2 Rg2+ 48. Kd1 Rg1+ 49. Ke2 f4 50. Rxc3 Bxc3 51. Bc2 Rg2+ 52. Kd1 e3 53. Be4 e2+ 54. Kc2 e1=Q+ 55. Bxg2 Qd2+ 56. Kb3 Kc5 57. c7 Qb2+ {[%emt 0:00:03] Weighted Error Value: White=0.65/Black=0.37} 0-1

[Event "13th Chennai Open 2022"]
[Site "Chennai"]
[Date "2022.06.20"]
[Round "2.7"]
[White "Ajay Karthikeyan"]
[Black "Tejaswini G"]
[Result "1-0"]
[ECO "B90"]
[WhiteElo "2436"]
[BlackElo "1666"]
[Annotator "TA"]
[PlyCount "147"]
[EventDate "2022.06.19"]
[EventType "swiss"]
[EventCountry "IND"]
[SourceTitle "playchess.com"]
[Source "ChessBase"]
[SourceQuality "1"]
[TimeControl "5400+30"]

1. e4 c5 2. Nf3 d6 3. d4 cxd4 4. Nxd4 Nf6 5. Nc3 a6 6. Rg1 e5 7. Nb3 Be6 8. g4 {[%emt 0:00:05][%cal Bg2g4,Bg4g5][%mdl 32] B90: Sicilian Najdorf: Unusual White 6th moves, 6 Be3 Ng4 and 6 Be3 e5.} Qc7 (8... d5 $11 {keeps the balance.}) 9. g5 $16 Nfd7 10. Be3 {[%emt 0:07:26] [#] White is better.} Be7 $146 ({Predecessor:} 10... Nc6 11. Qd2 Rc8 12. Nd5 Bxd5 13. exd5 Ne7 14. c3 Nf5 15. O-O-O Be7 16. Bh3 Nh4 {0-1 (57) Djokic,M (1832)-Milosevic,M (2082) Kragujevac 2016}) 11. h4 Nb6 12. Qd2 N8d7 13. O-O-O Nc4 14. Bxc4 Qxc4 15. Na5 Qc7 16. Nd5 Bxd5 17. Qxd5 ({Much weaker is} 17. exd5 $6 O-O $11) 17... Rc8 {[%emt 0:00:15][%csl Gc8][%cal Rc7c2] [#]} 18. c3 {[%emt 0:01:04] White is much more active.} ({White should play} 18. Rd2 $1 $16) 18... b5 {[%emt 0:13:53] A mistake that costs the game.} (18... O-O $1 $14) 19. Nb7 $18 b4 20. Nxd6+ Bxd6 21. Qxd6 bxc3 {[%emt 0:02:01] [#]} 22. b3 c2 23. Rd5 Qxd6 24. Rxd6 Ra8 (24... Nb8 $16 {keeps fighting.} 25. Rd2 Ke7) 25. Kxc2 Ke7 26. Rgd1 Rhc8+ 27. Kb2 Rc7 28. R6d5 {[%emt 0:02:17] Prevents Nc5.} a5 29. Bd2 a4 30. Bb4+ Ke8 31. bxa4 Rxa4 32. a3 Ra8 (32... Ra6 {was called for.} 33. Rd6 Rxd6 34. Rxd6 (34. Bxd6 Rc6 $16) 34... Nf8) 33. h5 Rac8 34. f3 Ra8 35. h6 g6 36. R1d3 Ra6 37. Rd6 Ra8 38. Rc3 Rb7 39. Rdc6 {[%emt 0:01:30] Threatening mate with Rc8+.} Kd8 {[%emt 0:01:05] Prevents Rc8+.} 40. Kc2 Rba7 41. Kd2 Rb7 42. Ke3 Rba7 $2 (42... Rb6 43. Rxb6 Nxb6) 43. f4 exf4+ 44. Kxf4 Rb7 45. e5 Nb6 $2 (45... Rb6 46. R3c4 Rba6) 46. Rd6+ Ke8 47. Rcd3 Nc4 (47... Nd7 $142 48. e6 Nf8 49. exf7+ Kxf7) 48. Rc6 Nb6 49. e6 fxe6 50. Rxe6+ Kf7 51. Re4 Rc8 52. Kg4 Rbc7 53. Rd6 Nc4 (53... Rb7 $142 54. Bc5 Nd7) 54. Rf6+ Kg8 55. Rfe6 Kf7 $2 (55... Nb2 56. Kf3 Rf7+ 57. Ke2 Rfc7) 56. Re7+ (56. Kf4 $142 {Black must now prevent Re2.} Kg8 57. Re7) 56... Kg8 57. Kg3 {[%emt 0:03:15] aiming for a4.} Nb6 (57... Nxa3 $142 58. Bxa3 Rxe7 59. Bxe7 Re8) 58. Rxc7 Rxc7 {[%emt 0:00:07][%mdl 4096] Endgame KRB-KRN} 59. Re8+ Kf7 60. Rf8+ Ke6 61. Rf6+ Kd5 62. Rxb6 {[%emt 0:00:08] KRB-KR} Ra7 63. Kf4 Rf7+ 64. Rf6 Rxf6+ 65. gxf6 {[%emt 0:00:04] KB-KPP. White mates.} Ke6 66. Kg5 Kf7 67. a4 Ke6 68. a5 Kf7 69. a6 Ke6 70. a7 Kf7 71. a8=Q Ke6 72. Qc6+ Kf7 73. Qd7+ Kg8 74. Qg7# {[%emt 0:00:06] Weighted Error Value: White=0.31/Black=0.40} 1-0

[Event "13th Chennai Open 2022"]
[Site "Chennai"]
[Date "2022.06.20"]
[Round "2.8"]
[White "Gandhi, Aakash"]
[Black "Nitin, S.."]
[Result "0-1"]
[ECO "E61"]
[WhiteElo "1698"]
[BlackElo "2399"]
[Annotator "TA"]
[PlyCount "90"]
[EventDate "2022.06.19"]
[EventType "swiss"]
[EventCountry "IND"]
[SourceTitle "playchess.com"]
[Source "ChessBase"]
[SourceQuality "1"]
[TimeControl "5400+30"]

1. d4 g6 2. c4 Bg7 3. Nf3 d6 4. Nc3 Nf6 5. Bg5 h6 6. Bh4 O-O 7. e3 Nbd7 8. Be2 g5 9. Bg3 Nh5 {[%emt 0:00:30] E61: King's Indian: Early deviations for White, including Smyslov System.} 10. Qc2 {[%emt 0:00:30][%cal Of3g5] aiming for Nxg5!} e6 11. O-O-O Qe7 {[%emt 0:00:30] White is slightly better.} 12. Nd2 Nxg3 13. hxg3 {[%emt 0:00:30] [#]} f5 $146 ({Predecessor:} 13... c5 14. d5 Nb6 15. Rh5 Bd7 16. Rdh1 f5 17. dxe6 Bxe6 18. Bf3 Qf7 19. e4 Rae8 20. exf5 Bxf5 {0-1 (20) Szymczak,Z (2295)-Lercel,M (2123) Polanica Zdroj 1999}) 14. Bd3 Nf6 15. e4 Ng4 16. Nf3 c6 17. Rde1 {[%emt 0:00:30] exf5 is the strong threat.} Qd8 18. c5 (18. Kb1 $16) 18... dxc5 $11 19. exf5 exf5 (19... cxd4 20. fxe6 Re8 21. Na4 $16 (21. Bh7+ Kh8 $11)) 20. dxc5 b5 21. cxb6 axb6 22. Bc4+ (22. Re2 $5 ) 22... Kh8 23. Be6 b5 {[%emt 0:00:30] And now ...Bxe6 would win.} 24. Bxc8 Rxc8 25. Re6 (25. Kb1 $11) 25... b4 (25... Ra8 $1 $17 {White must now prevent ...b4.} 26. Qb3 (26. Rxc6 Qd7 $17) 26... Nxf2 27. Rhxh6+ Bxh6 28. Rxh6+ Kg7 29. Rxc6 (29. Qe6 $2 Rf6 $19) 29... b4) 26. Rd1 (26. Nd1 $1 $11) 26... Qb6 ({And not} 26... bxc3 27. Rxd8 cxb2+ 28. Kb1 Rfxd8 29. Re7 $11) (26... Qa5 $1 $17 27. Na4 Nxf2 $1 28. Qxf2 Qxa4) 27. Nd5 Qa5 28. Ne7 {[%emt 0:00:30] Strongly threatening Ng6+.} Qxa2 29. Ng6+ {[%emt 0:00:30] Pair of Knights!} (29. Rdd6 $1 $11) 29... Kg8 $1 $15 30. Nxf8 {[%emt 0:00:30][%cal Od1d7] Hoping for Rd7!} Rxf8 {[%emt 0:00:30] Chess con chili.} (30... b3 $1 $17 31. Qb1 Qa6 32. Qxf5 Nxf2) 31. Rxc6 {[%emt 0:00:30] [#]} (31. Re7 $11) 31... Nxf2 $1 32. Qxf2 $11 Qa1+ 33. Kd2 Rd8+ {[%emt 0:00:30] [#]} 34. Nd4 $1 Qxb2+ 35. Ke1 Qxf2+ 36. Kxf2 Rxd4 37. Rxd4 Bxd4+ {[%emt 0:00:30][%mdl 4096] Endgame KR-KB} 38. Ke2 b3 39. Rc7 b2 40. Rb7 Bg7 41. Kd3 Kh7 42. Rb6 {[%emt 0:00:30] [#]} Bf6 $1 43. Kc4 (43. Rb7+ Kg6) 43... Kg6 44. Kd5 $2 {[%emt 0:00:30][%mdl 8192] [#]} (44. Kd3 $11) 44... Kh5 $1 $19 45. Ke6 Bd4 {[%emt 0:00:30] Weighted Error Value: White=0.46/Black=0.21 (precise)} 0-1

[Event "13th Chennai Open 2022"]
[Site "Chennai"]
[Date "2022.06.20"]
[Round "2.9"]
[White "Srihari L R"]
[Black "Jai Sankar Subramanian"]
[Result "1-0"]
[ECO "A15"]
[WhiteElo "2404"]
[BlackElo "1635"]
[Annotator "TA"]
[PlyCount "66"]
[EventDate "2022.06.19"]
[EventType "swiss"]
[EventCountry "IND"]
[SourceTitle "playchess.com"]
[Source "ChessBase"]
[SourceQuality "1"]
[TimeControl "5400+30"]

1. Nf3 Nf6 2. c4 g6 3. b4 Bg7 4. Bb2 O-O 5. g3 d5 6. Na3 {[%emt 0:02:55] A15: English Opening: 1...Nf6.} a5 7. b5 c6 8. Bg2 {[%emt 0:01:45] The position is equal.} dxc4 9. bxc6 Nxc6 10. O-O (10. Nxc4 $11 {remains equal.} Be6 11. Ne3) 10... Nb4 {[%emt 0:08:49] [#]} (10... Be6 $1 $17) 11. Ne5 $146 ({Predecessor:} 11. Nxc4 Be6 12. d3 Rc8 13. a3 Nc6 14. Qb3 Qc7 15. Ng5 Bxc4 16. Qxc4 h6 17. Nf3 {½-½ (77) Will,M (2025)-Schaefer,S (2001) Germany 2018}) 11... Rb8 {[%emt 0:14:51] ...b5 is the strong threat.} 12. Nexc4 (12. Naxc4 $11 b5 13. Ne3) 12... Be6 13. Be5 Rc8 14. d3 Bd5 (14... Rc5 $1 $15 15. Bb2 (15. Bxb7 Rxe5 16. Nxe5 Qb8 $17) 15... b5) 15. Bh3 e6 16. Qb1 Ne8 17. Qb2 Bxe5 18. Nxe5 Nc6 19. Ng4 h5 20. Ne3 Qf6 (20... Ne7 $14) 21. Rab1 Qxb2 22. Rxb2 Rc7 23. Nb5 Re7 24. Nxd5 exd5 25. Rfb1 Nf6 26. Nd6 Nb4 (26... Kg7 $16) 27. a3 $18 Nc6 28. e3 Ne5 29. Bf1 (29. Rxb7 $6 Rxb7 30. Rxb7 Rd8 31. Nxf7 Nxf7 $14) 29... d4 30. e4 ({Don't play} 30. Nxb7 $6 dxe3 31. fxe3 a4 $11) ({But not} 30. exd4 Nf3+ 31. Kg2 Nxd4 $16) ({Much less strong is} 30. Rxb7 $6 Rxb7 31. Nxb7 (31. Rxb7 Rd8 $14) 31... dxe3 $14) 30... Rc7 {[%emt 0:00:25] [#]} 31. Rxb7 ({White should play} 31. f4 $1 $18 Neg4 32. Rxb7) 31... Rc2 {[%emt 0:00:45] [#]} 32. R7b3 (32. R7b2 $1 $16 Rxb2 33. Rxb2) 32... Rb2 33. R3xb2 Rd8 {[%emt 0:00:01] Weighted Error Value: White=0.21 (precise) /Black=0.24 (precise)} 1-0